 Dungeon Crawl Stone Soup version 0.18-a0-921-g28655ce (webtiles) character file.

1650 JokEr the Fighter (level 9, -3/74 (75) HPs)
             Began as a Formicid Fighter on Dec 27, 2015.
             Was a Believer of Okawaru.
             Slain by an orc
             ... wielding a +2 whip of electrocution
              (20 damage)
             ... on level 6 of the Dungeon.
             The game lasted 00:28:48 (7483 turns).

JokEr the Fighter (Formicid Fighter)                Turns: 7483, Time: 00:28:48

HP:   -3/74 (75)    AC:  6    Str: 23    XL:     9   Next: 19%
MP:   9/9           EV:  1    Int:  8    God:    Okawaru [**....]
Gold: 238           SH: 16    Dex: 11    Spells: 0 memorised, 8 levels left

rFire  . . .     SeeInvis +     a - +0 long sword
rCold  . . .     Gourm    .     b - +0 scale mail
rNeg   . . .     Faith    .     j - +1 large shield
rPois  .         Spirit   .     (helmet unavailable)
rElec  .         Dismiss  .     (no cloak)
rCorr  .         Reflect  .     (no gloves)
SustAt .         Harm     .     (no boots)
MR     .....                    (no amulet)
Stlth  ..........               (no ring)
                                (no ring)

@: not resistant to hostile enchantments, extremely unstealthy
A: permanent stasis, dig shafts and tunnels, four strong arms, antennae 3
a: Dig, Shaft Self, Heroism, Renounce Religion


You were on level 6 of the Dungeon.
You worshipped Okawaru.
Okawaru was pleased with you.
You were not hungry.

You visited 1 branch of the dungeon, and saw 6 of its levels.

You collected 238 gold pieces.

Inventory:

Hand Weapons
 a - a +0 long sword (weapon)
Armour
 b - a +0 scale mail (worn)
 j - a +1 large shield (worn)
Wands
 q - a wand of slowing (15/48)
Scrolls
 c - a scroll of recharging
 k - a scroll of fear
 n - a scroll of remove curse
 p - a scroll of amnesia
Potions
 d - a potion of might
 e - a potion of curing {unknown}
 h - 2 potions of invisibility
 l - 2 potions of agility
 m - a potion of cure mutation {unknown}
 o - a potion of brilliance {unknown}
 s - 2 potions of mutation {unknown}
Books
 r - a book of Enchantments

   Spells                             Type                      Level
   a - Cause Fear                     Hexes                        4
   b - Yara's Violent Unravelling     Hexes/Transmutation          5
   c - Silence                        Hexes/Air                    5
   d - Deflect Missiles               Charms/Air                   6
   e - Haste                          Charms                       6
   f - Discord                        Hexes                        8
Comestibles
 f - 3 bread rations
 g - 3 fruits
 i - 8 chunks of flesh


   Skills:
 + Level 8.6 Fighting
 + Level 7.5 Long Blades
 - Level 3.2 Armour
 - Level 6.1 Shields


You had 8 spell levels left.
You didn't know any spells.

Dungeon Overview and Level Annotations

Branches:
Dungeon (6/15)             Temple (0/1) D:5

Altars:
Cheibriados
Dithmenos
Gozag
Kikubaaqudgha
Okawaru
Pakellas
Vehumet

Shops:
D:5 (!!   D:6 (

Annotations:
D:3 Gorice's ghost, amateur FeWn


Innate Abilities, Weirdness & Mutations

You are under a permanent stasis effect.
You can dig through walls and to a lower floor.
Your four strong arms can wield two-handed weapons with a shield.
You have a pair of large antennae on your head (SInv).


Message History

The orc hits you but does no damage.
You are electrocuted!
You block the orc wizard's attack. You block the orc wizard's attack.
The orc wizard hits you with a dagger.
You see here a trident.
There is an escape hatch in the floor here.
You block the orc wizard's attack.
The orc wizard points at you and mumbles some strange words.
The puff of flame hits you!
* * * LOW HITPOINT WARNING * * *
The orc hits you but does no damage.
There is a stone staircase leading up here.
You barely miss the orc. You block the orc wizard's attack.
You block the orc's attack.
You slash the orc wizard!
You kill the orc wizard!
Okawaru accepts your kill. You block the orc's attack.
You block the orc's attack. The orc hits you but does no damage.
You are electrocuted!
You die...

### ##@## #.
##o)o## .....
##.>...####
.....
#.).......###
.....#
##..#####....#
......## ##).##
###..#
.....{.####..##
#..#
.............#
#..#
............##
#..#


You could see 2 orcs.

Vanquished Creatures
  A black bear (D:6)
  A phantom (D:4)
  A necrophage (D:6)
  An orc warrior (D:6)
  A sky beast (D:5)
  An ogre (D:5)
  A centaur (D:5)
  5 orc priests
  2 crimson imps
  4 orc wizards
  A giant frog skeleton (D:4)
  A gnoll shaman (D:6)
  3 hounds
  2 jellies
  3 worker ants
  Natasha (thrice) (D:4)
  7 gnolls
  2 shadow imps
  11 adders
  2 oozes
  4 worms
  An adder skeleton (D:5)
  18 orcs
  6 bats
  2 giant cockroaches
  6 goblins
  15 hobgoblins
  7 jackals
  3 quokkas
  3 ball pythons
  4 giant geckos
  A giant newt (D:1)
  9 kobolds
  16 rats
148 creatures vanquished.

Notes
Turn   | Place    | Note
--------------------------------------------------------------
     0 | D:1      | JokEr the Formicid Fighter began the quest for the Orb.
     0 | D:1      | Reached XP level 1. HP: 18/18 MP: 1/1
   224 | D:1      | Reached XP level 2. HP: 14/24 MP: 2/2
   769 | D:1      | Reached skill level 4 in Shields
   785 | D:1      | Reached XP level 3. HP: 26/30 MP: 3/3
  1249 | D:2      | Found a shadowy altar of Dithmenos.
  1264 | D:2      | Found a faded altar to an unknown god.
  1728 | D:2      | Reached XP level 4. HP: 37/37 MP: 4/4
  2426 | D:3      | Reached XP level 5. HP: 43/43 MP: 5/5
  2458 | D:3      | Found an iron altar of Okawaru.
  2490 | D:3      | Became a worshipper of Warmaster Okawaru
  2796 | D:3      | Noticed Gorice's ghost (amateur FeWn)
  3018 | D:3      | Reached skill level 5 in Shields
  3593 | D:3      | Reached XP level 6. HP: 31/50 MP: 6/6
  4057 | D:3      | Reached skill level 5 in Fighting
  4727 | D:4      | Found an oddly glowing altar of Pakellas.
  4728 | D:4      | Found a shadowy altar of Dithmenos.
  4765 | D:4      | Found a radiant altar of Vehumet.
  4828 | D:4      | Reached XP level 7. HP: 51/56 MP: 7/7
  4879 | D:4      | Reached * piety under Okawaru
  4879 | D:4      | Reached skill level 6 in Shields
  5091 | D:4      | Noticed Natasha
  5103 | D:4      | Killed Natasha
  5113 | D:4      | Noticed Natasha
  5119 | D:4      | Killed Natasha
  5313 | D:4      | Noticed Natasha
  5320 | D:4      | Killed Natasha
  5698 | D:5      | Entered Level 5 of the Dungeon
  5714 | D:5      | Reached skill level 5 in Long Blades
  5738 | D:5      | Reached XP level 8. HP: 30/65 MP: 8/8
  5940 | D:5      | Found Cuyppoust's Weapon Shop.
  6061 | D:5      | Reached skill level 7 in Fighting
  6092 | D:5      | Found an opulent altar of Gozag.
  6148 | D:5      | Found Decill's Distillery.
  6185 | D:5      | Found a staircase to the Ecumenical Temple.
  6373 | D:5      | Found a snail-covered altar of Cheibriados.
  6415 | D:5      | Reached ** piety under Okawaru
  6438 | D:5      | Found Wiyfaf's Distillery.
  6547 | D:6      | Found Annu's Weapon Shop.
  7006 | D:6      | Reached skill level 8 in Fighting
  7006 | D:6      | Reached XP level 9. HP: 35/73 MP: 9/9
  7271 | D:6      | Found an ancient bone altar of Kikubaaqudgha.
  7483 | D:6      | Slain by an orc

Vault maps used:
D:1:      roderic_lyre, st_stairs_7, minmay_misc_feat_room,
          hangedman_abyss_or_decor_stabs, minmay_rat_gold_closets
D:2:      ecumenical_altar_2, lemuel_tele_altar
D:3:      okawaru_metal_pillars_1_2, first_bread
D:4:      lemuel_doored_altar, gammafunk_temple_overflow_statue, uniq_natasha
D:5:      nicolae_overflow_crystal_walls, cheibrodos_worm_habitat,
          temple_doors_e, serial_shops, shop, nicolae_shop_behind_doors, shop
D:6:      kiku_gazebo_pond_becter, serial_shops, shop_statue

Action                   |  1- 3 |  4- 6 |  7- 9 || total
-------------------------+-------+-------+-------++-------
Melee: Long sword        |   135 |   253 |   323 ||   711
 Abil: Dig               |     1 |     1 |     1 ||     3
  Use: Scroll            |     7 |     4 |     2 ||    13
  Eat: Chunk             |     3 |     9 |     9 ||    21
       Fruit             |       |       |     2 ||     2
